APP
KINGSPORT METS @ HELENA BREWERS
10/05/2045
 
TOP OF THE 1ST
Miami (APP) Marlins batting - Pitching for Johnson City Cardinals : RHP Ari Kuusinen
Pitching: RHP Ari Kuusinen
Batting: RHB Lu Tieh 0-0: Called Strike
0-1: Called Strike
0-2: Ground out 5-3 (Groundball, 56S, EV 64.4 MPH)
Batting: RHB Ben Jezak 0-0: Ball
1-0: Ball
2-0: Swinging Strike
2-1: Swinging Strike
2-2: Strikes out swinging
Batting: RHB Kurt Wagner 0-0: DOUBLE (Line Drive, 89D, EV 101.9 MPH)
Batting: LHB Tom Wleklinski 0-0: Ball
Passed Ball!
Kurt Wagner to third
1-0: Called Strike
1-1: Ground out 4-3 (Groundball, 4, EV 85.0 MPH)
Top of the 1st over - 0 runs, 1 hit, 0 errors, 1 left on base; Miami (APP) 0 - Johnson City 0
BOTTOM OF THE 1ST
Johnson City Cardinals batting - Pitching for Miami (APP) Marlins : LHP Vince Terkelsen
Pitching: LHP Vince Terkelsen
Batting: LHB Jasper Schoonhoven 0-0: Ground out 1-3 (Groundball, 15S, EV 65.0 MPH)
Batting: SHB Josh Young 0-0: Swinging Strike
0-1: Ball
1-1: Foul Ball, location: 2F
1-2: Ball
2-2: Ground out 5-3 (Groundball, 56, EV 86.9 MPH)
Batting: RHB Alex Rangel 0-0: Swinging Strike
0-1: Ball
1-1: DOUBLE (Line Drive, 8RXD, EV 96.9 MPH)
Batting: LHB Jon Olesen 0-0: Foul Ball, location: 2F
0-1: Ball
1-1: Ball
2-1: Ground out 4-3 (Groundball, 4, EV 102.5 MPH)
Bottom of the 1st over - 0 runs, 1 hit, 0 errors, 1 left on base; Miami (APP) 0 - Johnson City 0
TOP OF THE 2ND
Miami (APP) Marlins batting - Pitching for Johnson City Cardinals : RHP Ari Kuusinen
Batting: LHB D.J. White 0-0: Ball
1-0: Swinging Strike
1-1: Swinging Strike
1-2: Ball
2-2: Ball
3-2: Strikes out swinging
Batting: RHB Nate Stephenson 0-0: Ball
1-0: Bunted foul
1-1: Ball
2-1: Swinging Strike
2-2: Fly out, F9 (Flyball, 9S, EV 81.9 MPH)
Batting: RHB Mario Navarro 0-0: Ground out 5-3 (Groundball, 56S, EV 78.1 MPH)
Top of the 2nd over - 0 runs, 0 hits, 0 errors, 0 left on base; Miami (APP) 0 - Johnson City 0
BOTTOM OF THE 2ND
Johnson City Cardinals batting - Pitching for Miami (APP) Marlins : LHP Vince Terkelsen
Batting: RHB Jason Recker 0-0: Foul Ball, location: 2F
0-1: Ball
1-1: Called Strike
1-2: Ball
2-2: Foul Ball, location: 2F
2-2: Foul Ball, location: 2F
2-2: Strikes out swinging
Batting: RHB Dave Brabo 0-0: Called Strike
0-1: Foul Ball, location: 2F
0-2: Ball
1-2: Foul Ball, location: 2F
1-2: Strikes out looking
Batting: RHB George O'Grady 0-0: Ball
1-0: Ball
2-0: Ball
3-0: Base on Balls
Batting: LHB Jalen Morton 0-0: Ball
1-0: Swinging Strike
1-1: Ball
2-1: Ball
3-1: Foul Ball, location: 2F
3-2: Strikes out looking
Bottom of the 2nd over - 0 runs, 0 hits, 0 errors, 1 left on base; Miami (APP) 0 - Johnson City 0
TOP OF THE 3RD
Miami (APP) Marlins batting - Pitching for Johnson City Cardinals : RHP Ari Kuusinen
Batting: RHB Ryan Mason 0-0: Ball
1-0: Ball
2-0: Ground out 4-3 (Groundball, 4, EV 87.5 MPH)
Batting: LHB Vince Terkelsen 0-0: Ball
1-0: Fly out, F2 (Popup, 13S, EV 82.5 MPH)
Batting: RHB Lu Tieh 0-0: Called Strike
0-1: Ball
1-1: Foul Ball, location: 2F
1-2: Foul Ball, location: 2F
1-2: Ground out U3 (Groundball, 34S, EV 86.3 MPH)
Top of the 3rd over - 0 runs, 0 hits, 0 errors, 0 left on base; Miami (APP) 0 - Johnson City 0
BOTTOM OF THE 3RD
Johnson City Cardinals batting - Pitching for Miami (APP) Marlins : LHP Vince Terkelsen
Batting: RHB Ari Kuusinen 0-0: Ball
1-0: SINGLE (Line Drive, 4MD, EV 97.5 MPH)
Batting: LHB Jasper Schoonhoven 0-0: Foul Ball, location: 2F
0-1: Ball
1-1: Foul Ball, location: 2F
1-2: Fly out, F3 (Line Drive, 3, EV 72.5 MPH)
Lined into DP, U3 (Line Drive, 3, EV 68.8 MPH)
Batting: SHB Josh Young 0-0: Called Strike
0-1: Ball
1-1: Called Strike
1-2: Ball
2-2: Ground out 6-3 (Groundball, 6S, EV 89.4 MPH)
Bottom of the 3rd over - 0 runs, 1 hit, 0 errors, 0 left on base; Miami (APP) 0 - Johnson City 0
TOP OF THE 4TH
Miami (APP) Marlins batting - Pitching for Johnson City Cardinals : RHP Ari Kuusinen
Batting: RHB Ben Jezak 0-0: Fly out, F9 (Flyball, 89M, EV 76.3 MPH)
Batting: RHB Kurt Wagner 0-0: Ball
1-0: Called Strike
1-1: Called Strike
1-2: SINGLE (Flyball, 9S, EV 91.3 MPH)
Batting: LHB Tom Wleklinski 0-0: Ball
1-0: Called Strike
1-1: Ball
2-1: Called Strike
2-2: SINGLE (Line Drive, 8RS, EV 95.0 MPH)
Kurt Wagner to second
Batting: LHB D.J. White 0-0: Ball
Passed Ball!
Kurt Wagner to third
Tom Wleklinski to second
1-0: Called Strike
1-1: Ball
2-1: Foul Ball, location: 2F
2-2: Strikes out looking
Batting: RHB Nate Stephenson 0-0: Ball
1-0: Called Strike
1-1: Called Strike
1-2: Strikes out swinging
Top of the 4th over - 0 runs, 2 hits, 0 errors, 2 left on base; Miami (APP) 0 - Johnson City 0
BOTTOM OF THE 4TH
Johnson City Cardinals batting - Pitching for Miami (APP) Marlins : LHP Vince Terkelsen
Batting: RHB Alex Rangel 0-0: Called Strike
0-1: Foul Ball, location: 2F
0-2: Ball
1-2: SINGLE (Groundball, 56D, EV 98.8 MPH)
Batting: LHB Jon Olesen 0-0: Ball
1-0: Ball
2-0: Called Strike
2-1: SINGLE (Groundball, 34D, EV 109.4 MPH)
Alex Rangel to second
Runner from 2nd tries for 3rd, SAFE, throw by RF made to third
Batting: RHB Jason Recker 0-0: Ball
1-0: Ball
2-0: SINGLE (Groundball, 34D, EV 101.9 MPH)
Alex Rangel scores
Jon Olesen to second
Runner from 2nd tries for 3rd, SAFE, throw by RF made to third
Batting: RHB Dave Brabo 0-0: Ball
1-0: Ball
2-0: Called Strike
2-1: Ball
3-1: Swinging Strike
3-2: SINGLE (Groundball, 34D, EV 100.6 MPH)
Jon Olesen scores
Jason Recker to second
Jason Recker to third
Batting: RHB George O'Grady 0-0: Called Strike
0-1: Ball
1-1: Ball
2-1: Foul Ball, location: 2F
2-2: Strikes out swinging
Batting: LHB Jalen Morton 0-0: Called Strike
Dave Brabo is caught stealing 2nd base 2-6
0-1: Ball
1-1: Intentional Walk
Batting: RHB Ari Kuusinen 0-0: Ball
1-0: Foul Ball, location: 2F
1-1: Ball
2-1: Swinging Strike
2-2: Ball
3-2: Strikes out looking
Bottom of the 4th over - 2 runs, 4 hits, 0 errors, 2 left on base; Miami (APP) 0 - Johnson City 2
TOP OF THE 5TH
Miami (APP) Marlins batting - Pitching for Johnson City Cardinals : RHP Ari Kuusinen
Batting: RHB Mario Navarro 0-0: Fly out, F3 (Popup, 3S, EV 72.5 MPH)
Batting: RHB Ryan Mason 0-0: Ball
1-0: Called Strike
1-1: Ball
2-1: Swinging Strike
2-2: Ball
3-2: Foul Ball, location: 2F
3-2: SINGLE (Line Drive, 8LS, EV 106.9 MPH)
Batting: LHB Vince Terkelsen 0-0: Ball
Passed Ball!
Ryan Mason to second
1-0: Called Strike
1-1: Called Strike
1-2: Strikes out looking
Batting: RHB Lu Tieh 0-0: Ball
1-0: Called Strike
1-1: Ball
2-1: Ball
3-1: Swinging Strike
3-2: Base on Balls
Batting: RHB Ben Jezak 0-0: Ball
1-0: Fly out, F9 (Flyball, 9S, EV 91.9 MPH)
Top of the 5th over - 0 runs, 1 hit, 0 errors, 2 left on base; Miami (APP) 0 - Johnson City 2
BOTTOM OF THE 5TH
Johnson City Cardinals batting - Pitching for Miami (APP) Marlins : LHP Vince Terkelsen
Batting: LHB Jasper Schoonhoven 0-0: Ground out 6-3 (Groundball, 6M, EV 101.9 MPH)
Batting: SHB Josh Young 0-0: Ball
1-0: Ball
2-0: Ball
3-0: Swinging Strike
3-1: Foul Ball, location: 2F
3-2: Base on Balls
Pitching: RHP Tim Mills
Batting: RHB Alex Rangel 0-0: Grounds into double play, 4-6-3 (Groundball, 4, EV 100.6 MPH)
Bottom of the 5th over - 0 runs, 0 hits, 0 errors, 0 left on base; Miami (APP) 0 - Johnson City 2
TOP OF THE 6TH
Miami (APP) Marlins batting - Pitching for Johnson City Cardinals : RHP Ari Kuusinen
Batting: RHB Kurt Wagner 0-0: Called Strike
0-1: Ball
1-1: Ball
2-1: Ball
3-1: Base on Balls
Pitching: RHP Julio Ordaz
Batting: LHB Tom Wleklinski 0-0: Called Strike
Passed Ball!
Kurt Wagner to second
0-1: Ball
Wild Pitch!
Kurt Wagner to third
1-1: Foul Ball, location: 2F
1-2: Ball
2-2: Ball
3-2: Base on Balls
Batting: LHB D.J. White 0-0: Swinging Strike
0-1: Foul Ball, location: 2F
0-2: Ball
Passed Ball!
Kurt Wagner scores
Tom Wleklinski to second
1-2: Ground out U3 (Groundball, 3, EV 95.0 MPH)
Tom Wleklinski to third
Batting: RHB Nate Stephenson 0-0: Fly out, F8 (Flyball, 8LD, EV 96.3 MPH)
Runner from 3rd tags up, SCORES, throw by CF
Batting: RHB Mario Navarro 0-0: Swinging Strike
0-1: Swinging Strike
0-2: Foul Ball, location: 2F
0-2: Ball
1-2: Strikes out swinging
Top of the 6th over - 2 runs, 0 hits, 0 errors, 0 left on base; Miami (APP) 2 - Johnson City 2
BOTTOM OF THE 6TH
Johnson City Cardinals batting - Pitching for Miami (APP) Marlins : RHP Tim Mills
Batting: LHB Jon Olesen 0-0: Ball
1-0: Fly out, F7 (Line Drive, 7D, EV 89.4 MPH)
Batting: RHB Jason Recker 0-0: Ball
1-0: Ball
2-0: Called Strike
2-1: Foul Ball, location: 2F
2-2: Ball
3-2: Strikes out swinging
Batting: RHB Dave Brabo 0-0: Ground out 6-3 (Groundball, 6M, EV 99.4 MPH)
Bottom of the 6th over - 0 runs, 0 hits, 0 errors, 0 left on base; Miami (APP) 2 - Johnson City 2
TOP OF THE 7TH
Miami (APP) Marlins batting - Pitching for Johnson City Cardinals : RHP Julio Ordaz
Batting: RHB Ryan Mason 0-0: Ball
1-0: Ground out 6-3 (Groundball, 6, EV 103.1 MPH)
Pinch Hitting: LHB Larry Shumate 0-0: SINGLE (Flyball, 89M, EV 97.5 MPH)
Batting: RHB Lu Tieh 0-0: Swinging Strike
0-1: Called Strike
0-2: SINGLE (Flyball, 78S, EV 86.9 MPH)
Larry Shumate to second
Batting: RHB Ben Jezak 0-0: Ball
Wild Pitch!
Larry Shumate to third
Lu Tieh to second
1-0: Called Strike
1-1: Swinging Strike
Passed Ball!
Larry Shumate scores
Lu Tieh to third
1-2: Ball
Passed Ball!
Lu Tieh scores
2-2: Strikes out swinging
Batting: RHB Kurt Wagner 0-0: Swinging Strike
0-1: Ball
1-1: Fly out, F7 (Line Drive, 7, EV 105.6 MPH)
Top of the 7th over - 2 runs, 2 hits, 0 errors, 0 left on base; Miami (APP) 4 - Johnson City 2
BOTTOM OF THE 7TH
Johnson City Cardinals batting - Pitching for Miami (APP) Marlins : RHP Tim Mills
Pitching: RHP Ju-ao Wa
Batting: RHB George O'Grady 0-0: Foul Ball, location: 2F
0-1: Fly out, F8 (Line Drive, 8RM, EV 86.9 MPH)
Batting: LHB Jalen Morton 0-0: Ball
1-0: Called Strike
1-1: DOUBLE (Flyball, 78D, EV 108.1 MPH)
Pinch Hitting: SHB Ben van Halem 0-0: Called Strike
0-1: Ball
1-1: Ball
Passed Ball!
Jalen Morton to third
2-1: Ball
3-1: Called Strike
3-2: Foul Ball, location: 2F
3-2: SINGLE (Line Drive, 78S, EV 94.4 MPH)
Jalen Morton scores
Pitching: RHP Ted Payne
Batting: LHB Jasper Schoonhoven 0-0: Ball
1-0: Called Strike
1-1: Foul Ball, location: 2F
1-2: 2-RUN HOME RUN (Flyball, 9D, EV 95.6 MPH), Distance : 362 ft
Batting: SHB Josh Young 0-0: Called Strike
0-1: Called Strike
0-2: Ball
1-2: Strikes out looking
Batting: RHB Alex Rangel 0-0: Called Strike
0-1: Ball
1-1: Ground out 6-3 (Groundball, 6, EV 101.3 MPH)
Bottom of the 7th over - 3 runs, 3 hits, 0 errors, 0 left on base; Miami (APP) 4 - Johnson City 5
TOP OF THE 8TH
Miami (APP) Marlins batting - Pitching for Johnson City Cardinals : RHP Julio Ordaz
Pitching: RHP Mike Turrubiartes
Batting: LHB Tom Wleklinski 0-0: Swinging Strike
0-1: Foul Ball, location: 2F
0-2: Foul Ball, location: 2F
0-2: Ball
1-2: Strikes out looking
Batting: LHB D.J. White 0-0: Called Strike
0-1: Foul Ball, location: 2F
0-2: Fly out, F9 (Flyball, 9, EV 78.1 MPH)
Batting: RHB Nate Stephenson 0-0: Called Strike
0-1: Foul Ball, location: 2F
0-2: Ball
1-2: Strikes out swinging
Top of the 8th over - 0 runs, 0 hits, 0 errors, 0 left on base; Miami (APP) 4 - Johnson City 5
BOTTOM OF THE 8TH
Johnson City Cardinals batting - Pitching for Miami (APP) Marlins : RHP Ted Payne
Batting: LHB Jon Olesen 0-0: Called Strike
0-1: Ball
1-1: Ball
2-1: Ground out 1-3 (Groundball, 34S, EV 84.4 MPH)
Batting: RHB Jason Recker 0-0: Ball
1-0: Ball
2-0: Called Strike
2-1: Foul Ball, location: 2F
2-2: Foul Ball, location: 2F
2-2: Ball
3-2: Foul Ball, location: 2F
3-2: Strikes out swinging
Batting: RHB Dave Brabo 0-0: Called Strike
0-1: Ground out 1-3 (Groundball, 34S, EV 69.4 MPH)
Bottom of the 8th over - 0 runs, 0 hits, 0 errors, 0 left on base; Miami (APP) 4 - Johnson City 5
TOP OF THE 9TH
Miami (APP) Marlins batting - Pitching for Johnson City Cardinals : RHP Mike Turrubiartes
Pinch Hitting: SHB Matt Altieri 0-0: Foul Ball, location: 2F
0-1: Called Strike
0-2: Ball
1-2: Ball
2-2: TRIPLE (Line Drive, 89XD, EV 103.1 MPH)
Pinch Hitting: RHB Mike Rutter 0-0: Swinging Strike
0-1: Ball
1-1: Ball
Wild Pitch!
Matt Altieri scores
2-1: Ground out 6-3 (Groundball, 56, EV 82.5 MPH)
Pinch Hitting: LHB C.J. Travis 0-0: Ground out 4-3 (Groundball, 34, EV 75.6 MPH)
Batting: RHB Lu Tieh 0-0: Fly out, F7 (Line Drive, 7, EV 110.6 MPH)
Top of the 9th over - 1 run, 1 hit, 0 errors, 0 left on base; Miami (APP) 5 - Johnson City 5
BOTTOM OF THE 9TH
Johnson City Cardinals batting - Pitching for Miami (APP) Marlins : RHP Ted Payne
Pitching: RHP Chia-kang Chuko
Now at C: Matt Altieri
Now at 1B: C.J. Travis
Batting: RHB George O'Grady 0-0: Ball
1-0: Ball
2-0: Swinging Strike
2-1: Fly out, F8 (Line Drive, 8RD, EV 98.8 MPH)
Batting: LHB Jalen Morton 0-0: Ball
1-0: Ball
2-0: Foul Ball, location: 2F
2-1: Ball
3-1: Base on Balls
Pinch Hitting: RHB Steve DeWald 0-0: Called Strike
0-1: Ball
1-1: SINGLE (Groundball, 3, EV 99.4 MPH) (infield hit)
Jalen Morton to second
Pitching: RHP Marvin Watts
Batting: LHB Jasper Schoonhoven 0-0: Ball
1-0: Ball
2-0: Swinging Strike
2-1: Called Strike
2-2: Strikes out swinging
Batting: SHB Josh Young 0-0: Called Strike
0-1: Fly out, F9 (Flyball, 89M, EV 97.5 MPH)
Bottom of the 9th over - 0 runs, 1 hit, 0 errors, 2 left on base; Miami (APP) 5 - Johnson City 5
TOP OF THE 10TH
Miami (APP) Marlins batting - Pitching for Johnson City Cardinals : RHP Mike Turrubiartes
Pitching: RHP Ron Rawl
Pinch Hitting: SHB Cory Jackson 0-0: Ball
1-0: Ball
2-0: Called Strike
2-1: Ball
3-1: Base on Balls
Batting: RHB Kurt Wagner 0-0: Ball
1-0: Called Strike
1-1: Ball
2-1: Ball
Passed Ball!
Cory Jackson to second
3-1: Intentional Walk
Batting: LHB Tom Wleklinski 0-0: Foul Ball, location: 2F
0-1: Ball
1-1: Ball
Wild Pitch!
Cory Jackson to third
Kurt Wagner to second
2-1: Intentional Walk
Batting: LHB D.J. White 0-0: Ball
Passed Ball!
Cory Jackson scores
Kurt Wagner to third
Tom Wleklinski to second
1-0: Intentional Walk
Batting: RHB Nate Stephenson 0-0: Ball
1-0: Foul Ball, location: 2F
1-1: SINGLE (Groundball, 56, EV 102.5 MPH)
Kurt Wagner scores
Tom Wleklinski to third
D.J. White to second
Pitching: RHP Dave Caballero
Batting: SHB Matt Altieri 0-0: Foul Ball, location: 2F
0-1: Hit by Pitch
Tom Wleklinski scores
D.J. White to third
Nate Stephenson to second
Batting: RHB Marvin Watts 0-0: Ball
1-0: Called Strike
1-1: Swinging Strike
1-2: Strikes out swinging
Batting: LHB C.J. Travis 0-0: Ball
Passed Ball!
D.J. White scores
Nate Stephenson to third
Matt Altieri to second
1-0: Ground out 5-3 (Groundball, 5, EV 101.3 MPH)
Batting: RHB Lu Tieh 0-0: Called Strike
0-1: Foul Ball, location: 2F
0-2: Strikes out swinging passed ball, reaches first!
Nate Stephenson scores
Matt Altieri to third
Batting: SHB Cory Jackson 0-0: Fly out, F8 (Line Drive, 8RD, EV 86.9 MPH)
Top of the 10th over - 5 runs, 1 hit, 0 errors, 2 left on base; Miami (APP) 10 - Johnson City 5
BOTTOM OF THE 10TH
Johnson City Cardinals batting - Pitching for Miami (APP) Marlins : RHP Marvin Watts
Now at 3B: Kent Facchini
Batting: RHB Alex Rangel 0-0: Fly out, F6 (Flyball, 6MD, EV 82.5 MPH)
Batting: LHB Jon Olesen 0-0: Swinging Strike
0-1: Ball
1-1: Called Strike
1-2: Foul Ball, location: 2F
1-2: Strikes out looking
Batting: RHB Jason Recker 0-0: Ball
1-0: Ball
2-0: Swinging Strike
2-1: Swinging Strike
2-2: Foul Ball, location: 2F
2-2: Ball
3-2: Foul Ball, location: 2F
3-2: Strikes out swinging
Bottom of the 10th over - 0 runs, 0 hits, 0 errors, 0 left on base; Miami (APP) 10 - Johnson City 5
Wednesday, June 22nd , 2022 - OOTP Baseball 23.4 Build 64